 Dungeon Crawl Stone Soup version 0.25.1-2-g60ff931df9 (webtiles) character file.

Game seed: 14550104851889468997

173 RaHiT the Skirmisher (level 5, -4/41 HPs)
             Began as a Demonspawn Chaos Knight on Sept 18, 2020.
             Was a Plaything of Xom.
             Slain by a gnoll
             ... wielding a +0 spear
              (10 damage)
             ... on level 3 of the Dungeon.
             The game lasted 00:18:02 (2902 turns).

RaHiT the Skirmisher (Demonspawn Chaos Knight)      Turns: 2902, Time: 00:18:03

Health: -4/41      AC:  4    Str: 13    XL:     5   Next: 28%
Magic:  6/6        EV: 12    Int: 13    God:    Xom [...*..]
Gold:   136        SH:  6    Dex: 15    Spells: 4/5 levels left

rFire    . . .     SeeInvis .     - Unarmed
rCold    . . .     Gourm    .   i - +2 buckler
rNeg     . . .     Faith    .   k - +2 robe {Archmagi}
rPois    .         Spirit   .   (no helmet)
rElec    .         Reflect  .   (no cloak)
rCorr    .         Harm     .   (no gloves)
MR       .....                  (no boots)
Stlth    ++........             (no amulet)
HPRegen  0.13/turn              (no ring)
MPRegen  0.10/turn              (no ring)

@: brilliant, lethally poisoned (-4 -> -9)
A: thin skeletal structure 1, powered by death 1
a: Renounce Religion


You were on level 3 of the Dungeon.
You worshipped Xom.
You were a favourite toy of Xom.
You were not hungry.

You visited 1 branch of the dungeon, and saw 3 of its levels.

You collected 136 gold pieces.

Inventory:

Missiles
 c - 169 stones (quivered)
 d - 8 poisoned darts
 e - 3 boomerangs
 j - 31 bolts
Armour
 a - a +2 leather armour
 i - a +2 buckler (worn)
 k - a +2 robe of the Archmagi (worn)
Scrolls
 h - 2 scrolls of immolation
 l - a scroll of fear {unknown}
Potions
 f - a potion of lignification
 g - a potion of brilliance
 m - a potion of stabbing {unknown}
Comestibles
 b - 4 rations
 n - a chunk of flesh


   Skills:
 - Level 3.0 Fighting
 * Level 1.8 Throwing
 * Level 2.9 Armour
 * Level 2.2 Dodging
 + Level 1.0 Stealth
 * Level 1.3 Shields
 - Level 3.0 Unarmed Combat
 + Level 0.7 Spellcasting


You had 4 spell levels left.
You knew the following spells:

 Your Spells              Type           Power        Failure   Level  Hunger
a - Animate Skeleton      Necr           N/A          38%         1    None

Your spell library contained the following spells:

 Spells                   Type           Power        Failure   Level  Hunger
 Pain                     Necr           #...         38%         1    None
 Vampiric Draining        Necr           #.........   77%         3    None
 Animate Dead             Necr           N/A          99%         4    None
 Agony                    Necr           #.......     100%        5    None


Dungeon Overview and Level Annotations

Branches:
Dungeon (3/15)

Altars:
Elyvilon
Yredelemnul

Annotations:
D:3 1 runed translucent door, brk's ghost, weakling DgWr


Innate Abilities, Weirdness & Mutations

You have a somewhat thin skeletal structure. (Dex +2, Stealth)
You regenerate a little health from kills.


Message History

You hit the gnoll.
The gnoll is heavily wounded.
The gnoll completely misses you.
The kobold throws a poisoned dart.
The poisoned dart completely misses you.
The gnoll hits you from afar with a +0 spear!
* * * LOW HITPOINT WARNING * * *
There is an open door here.
The kobold throws a poisoned dart.
The poisoned dart hits you!
You are poisoned.
You see here a poisoned dart.
* * * LOW HITPOINT WARNING * * *
You feel sick.
* * * LOW HITPOINT WARNING * * *
You feel sick.
It was a potion of brilliance.
You feel clever all of a sudden.
* * * LOW HITPOINT WARNING * * *
You feel sick.
The gnoll hits you from afar with a +0 spear!
You die...

#################################
.....#.......#....#.......#....K.
.....'.......#....#.....).).(....
.....#########....#########.)).).
............#......#..........###
.......)....'......'.)(.K.....#
......†)....#.)...g#(.........###
.....#########....#########..."..
.....'.......#..@.#,,,....'......
.....#.......#.)..#,,,....#......
###############''################
≈≈≈≈≈≈≈≈≈≈≈≈≈.....≈≈≈≈≈≈≈≈≈≈≈≈≈≈≈
≈≈≈≈≈≈≈≈≈≈≈≈≈.....≈≈≈≈≈≈≈≈≈≈≈≈≈≈≈
≈≈≈≈≈≈≈≈≈≈≈≈≈≈....≈≈≈≈≈≈≈≈≈≈≈≈≈≈≈
≈.≈≈≈≈≈≈.≈..≈≈.)).≈(≈..≈. ≈,≈≈,≈,
.........................,,,∆ ,,,
..)......................,,,,,,,,


You could see a gnoll.

Vanquished Creatures
  Jessica (D:2)
  A gnoll (D:3)
  An adder (D:2)
  An ooze (D:1)
  4 worms (D:2)
  2 dart slugs (D:1)
  2 leopard geckos (D:1)
  2 orcs (D:3)
  4 bats
  6 giant cockroaches
  9 goblins
  10 hobgoblins
  2 jackals (D:2)
  2 quokkas
  A ball python (D:3)
  5 frilled lizards
  44 kobolds
  8 rats
105 creatures vanquished.

Vanquished Creatures (collateral kills)
  A kobold (D:3)
1 creature vanquished.

Vanquished Creatures (others)
  2 withered plants (D:3)
2 creatures vanquished.

Grand Total: 108 creatures vanquished

Notes
Turn   | Place    | Note
-------+----------+-------------------------------------------
     0 | D:1      | RaHiT the Demonspawn Chaos Knight began the quest for the
                  | Orb.
     0 | D:1      | Reached XP level 1. HP: 18/18 MP: 1/1
    61 | D:1      | Reached skill level 1 in Dodging
   156 | D:1      | XOM: butterfly on damage
   170 | D:1      | XOM: potion effect (invisibility)
   185 | D:1      | Gained mutation: You regenerate a little health from kills.
                  | [demonic ancestry]
   185 | D:1      | Reached XP level 2. HP: 12/24 MP: 2/2
   291 | D:1      | XOM: silly message
   538 | D:1      | Reached skill level 1 in Throwing
   538 | D:1      | Reached XP level 3. HP: 29/29 MP: 3/3
   778 | D:2      | Noticed Jessica
   863 | D:2      | XOM: divination: detect items
   935 | D:2      | XOM: potion effect (haste)
   949 | D:2      | XOM: butterfly on damage
  1231 | D:2      | XOM: potion effect (brilliance)
  1239 | D:2      | Killed Jessica
  1239 | D:2      | Reached skill level 1 in Shields
  1239 | D:2      | Gained mutation: You have a somewhat thin skeletal
                  | structure. (Dex +2, Stealth) [demonic ancestry]
  1239 | D:2      | Reached XP level 4. HP: 32/35 MP: 4/4
  1455 | D:2      | XOM: cast spell 'Necromutation'
  1484 | D:2      | Found a white marble altar of Elyvilon.
  1939 | D:2      | Found a basalt altar of Yredelemnul.
  2065 | D:3      | Learned a level 1 spell: Animate Skeleton
  2095 | D:3      | Found a runed translucent door.
  2096 | D:3      | Noticed brk's ghost (weakling DgWr)
  2122 | D:3      | XOM: noise
  2422 | D:3      | XOM: noise
  2563 | D:3      | Reached XP level 5. HP: 31/41 MP: 5/5
  2656 | D:3      | XOM: divination: detect items
  2745 | D:3      | XOM: swap monsters
  2748 | D:3      | XOM: divination: magic mapping
  2768 | D:3      | XOM: summons friendly white imp
  2837 | D:3      | Reached skill level 1 in Stealth
  2902 | D:3      | Slain by a gnoll

Illustrated notes

Levels and vault maps discovered:
D:1:      psy_arrival_whirlpool, layout_rooms, fountainhead
D:2:      layout_loops_cross, kennysheep_ying_yang,
          nicolae_overflow_hidden_temple, chequers_decorated_corner,
          uniq_jessica, uniq_terence
D:3:      minmay_goblin_kobold_castle, layout_loops_ring, gammafunk_ghost_grave,
          minivault_26

Skill      XL: |  1  2  3  4  5 |
---------------+----------------+-----
Dodging        | 1 2 |  2.2
Armour         | 2 |  2.9
Unarmed Combat | 3 |  3.0
Throwing       | 1 |  1.8
Shields        | 1 |  1.3
Stealth        | 1 |  1.0
Fighting       | |  3.0
Spellcasting   | |  0.7

Action                   |  1- 3 |  4- 6 || total
-------------------------+-------+-------++-------
Melee: Unarmed           |   199 |   238 ||   437
Throw: Stone             |    22 |    23 ||    45
       Boomerang         |    13 |     2 ||    15
  Use: Scroll            |     2 |     2 ||     4
       Potion            |       |     1 ||     1
 Stab: Invisible         |     3 |       ||     3
       Distracted        |       |     1 ||     1
       Sleeping          |       |     1 ||     1
  Eat: Chunk             |     1 |     6 ||     7
Armor: Leather armour    |    52 |       ||    52
       Robe              |       |    39 ||    39
Dodge: Dodged            |    83 |   132 ||   215
Block: Buckler           |    30 |    69 ||    99
